 Dungeon Crawl Stone Soup version 0.31-a0-819-gf6de2f5ab6 (webtiles) character file.

Game seed: 11867726600132334676

128 LeprechaunX the Changeling (level 5, -1/34 HPs)
             Began as an Octopode Shapeshifter on Sept 23, 2023.
             Slain by a gnoll
             ... wielding a +0 spear
              (6 damage)
             ... on level 3 of the Dungeon.
             The game lasted 00:02:44 (2048 turns).

LeprechaunX the Changeling (Octopode Shapeshifter)  Turns: 2048, Time: 00:02:45

Health: -1/34      AC:  1    Str: 15    XL:     5   Next: 12%
Magic:  0/6        EV: 13    Int: 13    God:
Gold:   150        SH:  0    Dex: 11    Spells: 6/6 levels left

rFire   . .          .
                       - Unarmed
rCold   . . .        (no shield)
rNeg    . . .        (helmet currently unavailable)
rPois   .            f - amulet of guardian spirit
rElec   .            (no ring)
rCorr   .            (no ring)
SInv    .            (no ring)
Will    .....        (no ring)
Stlth   ++           (no ring)
HPRegen 0.25/turn    (no ring)
MPRegen 0.10/turn    (no ring)
                     (no ring)

%: guardian spirit
@: beast-form
A: beast (slay +2), almost no armour, amphibious, 8 rings, camouflage 1,
gelatinous body 1, (nimble swimmer 1), tentacles
a: Begin Untransformation


You were on level 3 of the Dungeon.
You were a hulking beast.
You visited 1 branch of the dungeon, and saw 3 of its levels.

You collected 150 gold pieces.

Inventory:

Missiles
 r - 4 boomerangs (quivered)
Jewellery
 e - an amulet of the acrobat
 f - an amulet of guardian spirit (around mantle)
Talismans
 b - a beast talisman (active)
 c - a flux talisman
Scrolls
 d - 2 scrolls of identify {unknown}
 g - a scroll of revelation {unknown}
 i - a scroll of butterflies {unknown}
 j - a scroll of immolation {unknown}
 l - a scroll of brand weapon {unknown}
 m - 2 scrolls of teleportation {unknown}
 o - a scroll of enchant armour {unknown}
Potions
 a - a potion of lignification
 h - 2 potions of attraction {unknown}
 k - a potion of degeneration {unknown}
 n - a potion of cancellation {unknown}
 p - a potion of heal wounds {unknown}
 q - a potion of magic {unknown}


   Skills:
 + Level 2.1 Fighting
 + Level 2.8 Dodging
 + Level 3.5 Unarmed Combat
 + Level 1.0 Spellcasting
 * Level 4.0 Shapeshifting


You had 6 spell levels left.
You didn't know any spells.
Your spell library contained the following spells:

 Spells                   Type           Power      Damage    Failure   Level
 Ignite Poison            Fire/Tmut/Pois 0%         N/A       63%         3
 Sticky Flame             Conj/Fire      0%         2d3       95%         4
 Ignition                 Fire           0%         3d3       100%        8


Dungeon Overview and Level Annotations

Branches:
Dungeon (3/15)

Altars:
Ru


Innate Abilities, Weirdness & Mutations

You are a hulking beast.
Your limbs bulge with bestial killing power. (Slay +2)
You cannot wear most types of armour.
You are amphibious.
You can wear up to eight rings at the same time.
Your skin changes colour to match your surroundings (Stealth+).
Your rubbery body absorbs attacks. (AC +1, EV +1)
((You are camouflaged when in or above water. (Stealth+)))
You have tentacles for arms and can constrict up to eight enemies at once.


Message History

The gnoll attacks as it pursues you! The gnoll closely misses you.
Throw: 4 boomerangs
Press: ? - help, Q - select action Shift-Dir - straight line, f/p - gnoll
Aim: a gnoll, wielding a +2 spear of freezing (heavily wounded, 60% to hit)
You throw a boomerang. The boomerang hits the gnoll!
You kill the gnoll!
You have reached level 5!
You feel clever. The gnoll attacks as it pursues you!
The gnoll barely misses you.
You tentacle-slap the gnoll. You grab the gnoll.
The gnoll is moderately wounded.
You constrict the gnoll. You bludgeon the gnoll!
The gnoll is almost dead.
You constrict the gnoll.
You kill the gnoll!
A gnoll comes into view. It is wielding a +0 spear.
The gnoll hits you from afar with a +0 spear.
Your Spellcasting skill increases to level 1!
Your Shapeshifting skill increases to level 4!
You see here a +0 flail.
The gnoll throws a throwing net.
The throwing net hits you.
You become entangled in the net!
The gnoll closely misses you.
You see here a throwing net.
You struggle against the net.
The gnoll barely misses you.
You struggle against the net.
The gnoll hits you with a +0 spear.
You rip the net and break free!
The gnoll barely misses you. The gnoll hits you with a +0 spear.
You tentacle-slap the gnoll. Your grab misses the gnoll.
The gnoll is heavily wounded.
The gnoll hits you from afar with a +0 spear!
The gnoll hits you with a +0 spear.
* * * LOW HITPOINT WARNING * * *
You tentacle-slap the gnoll. You grab the gnoll. You squeeze the gnoll.
The gnoll is almost dead.
You constrict the gnoll.
The gnoll hits you from afar with a +0 spear.
* * * LOW HITPOINT WARNING * * *
The gnoll hits you with a +0 spear!
You die...

# ############## #
#....##......# # #....##......#
##### #....##.....[# #..<)
#....##......# #..))
#....##...g..#########....
######....).g.h)...............
#...##....##...........)..#....
#.#.#.....#####...........#....
#.#.#.....# #...........#.#.#
#.#.......# #...........#.#..
#....###### #...........#.#.#
#>#.## #...........'.# .
###.#.## #...........#####
#......# #................


You could see 2 gnolls.

Vanquished Creatures
  An orc priest (D:3)
  Robin (D:2)
  2 gnolls (D:3)
  A worm (D:2)
  3 dart slugs
  3 orcs (D:3)
  3 ball pythons
  2 bats
  4 endoplasms
  3 giant cockroaches
  7 goblins
  8 hobgoblins
  2 jackals (D:1)
  5 kobolds
  A quokka (D:1)
  2 frilled lizards (D:1)
  5 rats
53 creatures vanquished.

Notes
Turn   | Place    | Note
-------+----------+-------------------------------------------
     0 | D:1      | LeprechaunX the Octopode Shapeshifter began the quest for
                  | the Orb.
     0 | D:1      | Reached XP level 1. HP: 13/13 MP: 1/1
   110 | D:1      | Reached XP level 2. HP: 18/18 MP: 2/2
   429 | D:1      | Found a faded altar of an unknown god.
   434 | D:1      | Reached XP level 3. HP: 23/23 MP: 3/3
  1392 | D:2      | Noticed Robin
  1406 | D:2      | Killed Robin
  1407 | D:2      | Reached XP level 4. HP: 17/29 MP: 0/4
  1948 | D:3      | Found a sacrificial altar of Ru.
  2036 | D:3      | Reached XP level 5. HP: 28/34 MP: 3/6
  2042 | D:3      | Reached skill level 1 in Spellcasting
  2042 | D:3      | Reached skill level 4 in Shapeshifting
  2048 | D:3      | Slain by a gnoll

Illustrated notes

Levels and vault maps discovered:
D:1:      ncdulo_smallfort, layout_loops_ring,
          hellmonk_ecumenical_altar_dog_temple
D:2:      layout_basic, uniq_robin
D:3:      layout_basic, mainiacjoe_overflow_concentric_impassable,
          mainiacjoe_overflow_surrounded_room, grunt_ministairs_15

Skill      XL: |  1  2  3  4  5 |
---------------+----------------+-----
Fighting       | 2 |  2.1
Spellcasting   | 1 |  1.0
Shapeshifting  | 4 |  4.0
Dodging        | |  2.8
Unarmed Combat | |  3.5

Action                     |  1- 3 |  4- 6 || total
---------------------------+-------+-------++-------
  Melee: Unarmed           |    82 |    23 ||   105
         Constrict         |    26 |     6 ||    32
         Tentacles         |    12 |     3 ||    15
         Punch             |     2 |     1 ||     3
  Throw: Boomerang         |       |     8 ||     8
   Stab: Sleeping          |     3 |     1 ||     4
 Armour: Skin              |    32 |    12 ||    44
  Dodge: Dodged            |    54 |    18 ||    72

Table legend: (Time is in decaauts)
 A = Elapsed time spent in this place.
 B = Non-inter-level travel time spent in this place.
 C = Inter-level travel time spent in this place.
 D = Time resting spent in this place.
 E = Time spent auto-exploring this place.
 F = Levels seen in this place.
 G = Mean time per level.
                   A        B        C        D        E       F      G
               +--------+--------+--------+--------+--------+-----+--------+
         Total |   2043 |   1890 |    153 |     76 |   1496 |   3 |  681.0 |
       Dungeon |   2043 |   1890 |    153 |     76 |   1496 |   3 |  681.0 |
               +--------+--------+--------+--------+--------+-----+--------+

Top non-repeatable levels by time:
     D:2: 1022 daAuts
     D:1: 878 daAuts
     D:3: 143 daAuts
